 Dungeon Crawl Stone Soup version 0.30-a0-691-g754fce4c43 (webtiles) character file.

Game seed: 6901138518156949041

19976 Newt the Protected (level 12, -13/138 HPs)
             Began as a Demonspawn Gladiator on Jan 19, 2023.
             Was an Initiate of Gozag.
             Mangled by Rupert
             ... wielding a +0 great mace of holy wrath
              (14 damage)
             ... on level 3 of the Lair of Beasts.
             The game lasted 00:15:03 (12333 turns).

Newt the Protected (Demonspawn Gladiator)          Turns: 12333, Time: 00:15:03

Health: -13/138    AC: 30    Str: 20    XL:     12   Next: 41%
Magic:  15/15      EV:  2    Int: 10    God:    Gozag
Gold:   2000       SH:  0    Dex: 14    Spells: 15/15 levels left

rFire   . . .      SeeInvis .    F - +5 war axe "Sacam" {flame, +Blink rF- rC+ rN+++}
rCold   + . .      Faith    .    C - +3 tower shield
rNeg    + + +      Spirit   .    (body armour currently unavailable)
rPois   +          Reflect  .    (helmet currently unavailable)
rElec   .          Harm     .    (cloak currently unavailable)
rCorr   .          Rampage  .    (gloves currently unavailable)
Will    .....      NoTele   +    (boots currently unavailable)
Stlth   +                        (no amulet)
HPRegen 0.43/turn                s - +4 ring of protection
MPRegen 0.14/turn                r - ring of protection from fire

@: confused, mighty, tree-form, gold aura
A: stationary, stasis, torment immunity, boosted hp, (horns 2), (slimy green
scales 3), (spiny 2), demonic magic 1
a: Renounce Religion, Evoke Blink, Potion Petition, Call Merchant, Bribe Branch


You were on level 3 of the Lair of Beasts.
You worshipped Gozag.
Gozag was most pleased with you.
You were a tree.
You visited 2 branches of the dungeon, and saw 12 of its levels.

You collected 2739 gold pieces.
You spent 333 gold pieces at shops.
You paid 406 gold pieces to Gozag.

Inventory:

Hand Weapons
 a - a +0 rapier
 x - a +0 spear of draining
 F - the +5 war axe "Sacam" (weapon) {flame, +Blink rF- rC+ rN+++}
   (You bought it in a shop on level 7 of the Dungeon)

   rF:        It makes you vulnerable to fire.
   rC:        It protects you from cold.
   rN:        It renders you almost immune to negative energy.
   +Blink:    It lets you blink.
 G - a +2 hand axe of freezing
 O - a -2 demon whip of venom
Missiles
 d - 4 throwing nets (quivered)
 q - 10 atropa-tipped darts
Armour
 b - a +0 leather armour
 c - a +0 helmet
 o - a +0 pair of boots
 p - a +0 pair of gloves (melded)
 w - the +6 ring mail of Edalyirgh (melded) {SInv Stlth+}
   (You took it off a gnoll on level 3 of the Dungeon)

   SInv:      It lets you see invisible.
   Stlth:     It makes you more stealthy.
 C - a +3 tower shield (worn)
 K - the +0 pair of boots "Ucualuf" (melded) {-Tele rC++ rCorr Dex+2 Stlth+}
   (You found it on level 2 of the Lair of Beasts)

   Dex:       It affects your dexterity (+2).
   rC:        It greatly protects you from cold.
   -Tele:     It prevents most forms of teleportation.
   rCorr:     It protects you from acid and corrosion.
   Stlth:     It makes you more stealthy.
 N - the +0 leather armour of Polish {Str+5}
   (You found it on level 2 of the Lair of Beasts)

   Str:       It affects your strength (+5).
Jewellery
 r - a ring of protection from fire (right branch)
 s - a +4 ring of protection (left branch)
 y - a ring of protection from fire
 B - a ring of positive energy
 J - a ring of poison resistance
Wands
 v - a wand of digging (12)
 z - a wand of mindburst (13)
 L - a wand of polymorph (2)
 M - a wand of light (8)
Scrolls
 g - 3 scrolls of teleportation
 h - a scroll of noise
 i - 2 scrolls of fear
 H - 4 scrolls of amnesia
 I - 2 scrolls of fog
Potions
 e - 2 potions of magic
 f - 4 potions of attraction
 j - a potion of brilliance
 m - a potion of mutation {unknown}
 n - a potion of haste
 t - a potion of lignification
 u - a potion of ambrosia {unknown}
 A - 2 potions of resistance
 D - a potion of cancellation {unknown}
 E - 2 potions of degeneration {unknown}
 Q - a potion of curing


   Skills:
 - Level 8.0 Fighting
 - Level 2.6 Short Blades
 - Level 9.6(10.0) Axes
 - Level 4.0(7.3) Polearms
 - Level 1.7 Throwing
 - Level 10.0 Armour
 - Level 4.0 Dodging
 - Level 3.0 Stealth
 - Level 8.0 Shields
 + Level 2.2 Spellcasting
 - Level 5.0 Evocations


You had 15 spell levels left.
You didn't know any spells.
Your spell library contained the following spells:

 Spells                   Type           Power      Damage    Failure   Level
 Beastly Appendage        Tmut           2%         N/A       94%         1
 Kiss of Death            Conj/Necr      4%         2d5       94%         1
 Sting                    Tmut/Pois      4%         1d3       94%         1
 Poisonous Vapours        Pois/Air       2%         N/A       98%         2
 Wereblood                Tmut           1%         N/A       98%         2
 Confusing Touch          Hex            1%         N/A       100%        3
 Spider Form              Tmut/Pois      1%         N/A       100%        3
 Dispel Undead            Necr           1%         3d6       100%        4
 Olgreb's Toxic Radiance  Pois           1%         N/A       100%        4
 Iskenderun's Battlesphe  Conj           1%         2d6       100%        5
 Iron Shot                Conj/Erth      0%         9d1       100%        6
 Spellforged Servitor     Conj/Summ      0%         N/A       100%        7


Dungeon Overview and Level Annotations

Branches:
Dungeon (9/15)             Temple (0/1) D:5            Lair (3/5) D:9
  Swamp (0/4) Lair:2       Spider (0/4) Lair:2
    Orc: D:9-12

Altars:
Cheibriados
Gozag
Makhleb
Xom
Yredelemnul
Lugonu

Shops:
D:7 (

Annotations:
D:9 2 transporters
Lair:3 Rupert


Innate Abilities, Weirdness & Mutations

You are a tree.
Your roots penetrate the ground, keeping you stationary.
You cannot be teleported.
You are immune to unholy pain and torment.
Your maximum health is greatly increased.
Your equipment is partially melded.
((You have a pair of horns on your head.))
((You are completely covered in slimy green scales. (AC +4, rPois)))
((You are mostly covered in sharp spines.))
Spells you cast may paralyse adjacent enemies.


Message History

You completely miss Rupert.
Rupert is lightly wounded.
You slash the yak! You burn the yak.
The black mamba is no longer distracted by gold.
A killer bee comes into view.
A basilisk comes into view.
You block the yak's attack. Rupert hits you but does no damage.
You slash Rupert! You burn Rupert.
Rupert is moderately wounded.
You closely miss the yak. You block the yak's attack. x2
You slash Rupert! You burn Rupert.
Rupert is moderately wounded.
You hit the killer bee. You burn the killer bee. You hit the yak.
You burn the yak. You block the killer bee's attack.
The killer bee stings you but does no damage.
The yak gores you.
* * * LOW HITPOINT WARNING * * *
The blink frog blinks!
Rupert roars wildly at you.
You are confused.
Unknown command.
You cannot move. (Use ctrl+direction or * direction to attack while stationary and confused.) Unknown command.
You cannot move. (Use ctrl+direction or * direction to attack while stationary and confused.) Unknown command.
You cannot move. (Use ctrl+direction or * direction to attack while stationary and confused.)
You slash the yak! You burn the yak.
The yak is heavily wounded.
You slash the yak! You burn the yak.
You kill the yak!
You closely miss Rupert. You miss the killer bee.
The killer bee is distracted by your dazzling golden aura.
The killer bee stings you.
* * * LOW HITPOINT WARNING * * *
The yak gores you but does no damage.
The killer bee stings you but does no damage.
Rupert hits you with a +0 great mace of holy wrath!
* * * LOW HITPOINT WARNING * * *
You convulse!
You die...
Your body crumbles into a pile of gold.

####..##### .#
P.##.....####### .#!
#.........≈..#.####y#$#
#............#F..#.y..#
$ #...........#.......#
##.###.#....#yy$.$..# #
###....#yF#S...#
##..Yy#yFl##...# $
#..@♣y#.## .#"#
#..####### .#" ...Y. .#
... . .. .


You could see Rupert (blind, slow), a black mamba, a yak, a basilisk, 2 blink
frogs, a meliai and 5 killer bees.

Vanquished Creatures
  3 hydras
  Amaemon (Lair:2)
  An oklob plant (Lair:3)
  2 black mambas
  5 elephants (Lair:2)
  5 cane toads
  An orange demon (Lair:2)
  An unseen horror (D:7)
  4 rime drakes
  3 komodo dragons (Lair:2)
  A meliai (Lair:2)
  3 polar bears
  A blink frog (Lair:2)
  18 yaks
  A basilisk (Lair:2)
  A wyvern (D:7)
  A wraith (D:9)
  Grum (Lair:1)
  2 vampire mosquitoes (Lair:2)
  2 acid dragons
  12 water moccasins
  6 black bears
  An orc warrior (D:9)
  5 ice beasts
  2 sky beasts (D:7)
  4 wolves (Lair:1)
  An ogre (D:5)
  6 centaurs
  2 phantoms (D:5)
  12 bullfrogs
  3 gnoll sergeants
  A necrophage (D:6)
  4 scorpions
  5 wights (D:8)
  6 killer bees
  4 electric eels (Lair:2)
  4 lava snakes (Lair:2)
  A gnoll bouda (D:4)
  4 hounds
  5 orc priests
  5 jellies
  An iguana (D:7)
  11 orc wizards
  16 gnolls
  5 adders
  A white imp (D:7)
  2 ufetubi (D:5)
  A worm (D:3)
  30 orcs
  7 endoplasms
  5 giant cockroaches
  3 goblins
  2 hobgoblins (D:4)
  6 jackals
  4 kobolds
  6 ball pythons
  3 frilled lizards
  5 rats
258 creatures vanquished.

Vanquished Creatures (others)
  34 fungi
  51 plants
  3 toadstools (D:3)
88 creatures vanquished.

Grand Total: 346 creatures vanquished

Notes
Turn   | Place    | Note
-------+----------+-------------------------------------------
     0 | D:1      | Newt the Demonspawn Gladiator began the quest for the Orb.
     0 | D:1      | Reached XP level 1. HP: 16/16 MP: 1/1
   148 | D:1      | Reached skill level 1 in Stealth
   338 | D:1      | Gained mutation: You have a pair of small horns on your
                  | head. [demonic ancestry]
   338 | D:1      | Reached XP level 2. HP: 22/22 MP: 2/2
   484 | D:1      | Found a faded altar of an unknown god.
   501 | D:1      | Prayed at the altar of an unknown god.
   501 | D:1      | Became a worshipper of Gozag Ym Sagoz the Greedy
   973 | D:2      | Found a shimmering altar of Xom.
  1257 | D:2      | Gained mutation: You are partially covered in sharp spines.
                  | [demonic ancestry]
  1257 | D:2      | Reached XP level 3. HP: 27/27 MP: 3/3
  2364 | D:4      | Reached XP level 4. HP: 34/34 MP: 4/4
  2395 | D:4      | Identified the +6 ring mail of Edalyirgh {SInv Stlth+}
  2432 | D:3      | Reached XP level 5. HP: 10/42 MP: 5/5
  3200 | D:4      | Reached skill level 1 in Armour
  3200 | D:4      | Gained mutation: You are partially covered in slimy green
                  | scales. (AC +2) [demonic ancestry]
  3200 | D:4      | Reached XP level 6. HP: 48/48 MP: 6/6
  3286 | D:4      | Reached skill level 2 in Armour
  3460 | D:4      | Reached skill level 3 in Armour
  3534 | D:4      | Reached skill level 4 in Armour
  3534 | D:4      | Reached XP level 7. HP: 54/54 MP: 7/7
  3843 | D:5      | Entered Level 5 of the Dungeon
  3887 | D:5      | Reached skill level 5 in Armour
  4229 | D:5      | Reached skill level 6 in Armour
  4229 | D:5      | Reached skill level 1 in Polearms
  4230 | D:5      | Found a staircase to the Ecumenical Temple.
  4243 | D:5      | Gained mutation: You are mostly covered in sharp spines.
                  | [demonic ancestry]
  4243 | D:5      | Reached XP level 8. HP: 60/60 MP: 8/8
  4504 | D:5      | Found a basalt altar of Yredelemnul.
  4506 | D:5      | Noticed a profane servitor
  4530 | D:5      | Found a snail-covered altar of Cheibriados.
  4813 | D:5      | Reached skill level 5 in Fighting
  5037 | D:5      | Noticed an angel
  5159 | D:6      | Reached skill level 1 in Evocations
  5378 | D:6      | Gained mutation: You have a pair of horns on your head.
                  | [demonic ancestry]
  5378 | D:6      | Reached XP level 9. HP: 69/69 MP: 9/9
  5591 | D:7      | Reached skill level 5 in Evocations
  5762 | D:7      | Bought an iridescent war axe for 195 gold pieces
  5762 | D:7      | Identified the +5 war axe "Sacam" {flame, +Blink rF- rC+
                  | rN+++} (You bought it in a shop on level 7 of the Dungeon)
  5762 | D:7      | Bought a runed hand axe for 138 gold pieces
  5859 | D:7      | Noticed an unseen horror
  5860 | D:7      | Found a burning altar of Makhleb.
  5867 | D:7      | Killed an unseen horror
  6023 | D:7      | Reached skill level 1 in Axes
  7352 | D:9      | Found a staircase to the Lair.
  7359 | D:9      | Reached skill level 5 in Axes
  7360 | D:9      | Gained mutation: You are mostly covered in slimy green
                  | scales. (AC +3) [demonic ancestry]
  7360 | D:9      | Reached XP level 10. HP: 80/80 MP: 10/10
  7363 | D:9      | Reached skill level 1 in Shields
  7397 | D:9      | Found a transporter.
  7398 | D:9      | Noticed a white ugly thing
  7401 | D:9      | Noticed a red ugly thing
  7402 | D:9      | Found a corrupted altar of Lugonu.
  7402 | D:9      | Noticed a green ugly thing
  7402 | D:9      | Noticed a red ugly thing
  7737 | D:9      | Found a transporter.
  7949 | D:9      | Reached skill level 5 in Shields
  8452 | Lair:1   | Entered Level 1 of the Lair of Beasts
  8561 | Lair:1   | Noticed a cane toad
  8568 | Lair:1   | Killed a cane toad
  8760 | Lair:1   | Noticed Grum
  8772 | Lair:1   | Killed Grum
  8914 | Lair:1   | Gained mutation: Spells you cast may paralyse adjacent
                  | enemies. [demonic ancestry]
  8914 | Lair:1   | Reached XP level 11. HP: 60/86 MP: 11/11
  9575 | Lair:2   | Identified the +0 pair of boots "Ucualuf" {-Tele rC++ rCorr
                  | Dex+2 Stlth+}
 10083 | Lair:2   | Noticed a seven-headed hydra
 10085 | Lair:2   | Noticed Amaemon
 10090 | Lair:2   | Killed a three-headed hydra
 10124 | Lair:2   | Killed Amaemon
 10128 | Lair:2   | HP: 5/129 [black mamba (11)]
 10137 | Lair:2   | HP: 1/86 [komodo dragon (22)]
 10670 | Lair:2   | Identified the +0 leather armour of Polish {Str+5}
 10877 | Lair:2   | Reached skill level 7 in Armour
 11463 | Lair:2   | Found a staircase to the Swamp.
 11470 | Lair:2   | Reached skill level 8 in Armour
 11470 | Lair:2   | Gained mutation: You are completely covered in slimy green
                  | scales. (AC +4, rPois) [demonic ancestry]
 11470 | Lair:2   | Reached XP level 12. HP: 92/92 MP: 12/12
 11499 | Lair:2   | Found a hole to the Spider Nest.
 11663 | Lair:2   | Noticed a four-headed hydra
 11668 | Lair:2   | Killed a one-headed hydra
 11828 | Lair:3   | Reached skill level 9 in Armour
 11985 | Lair:3   | Noticed a five-headed hydra
 11996 | Lair:3   | Killed a one-headed hydra
 12191 | Lair:3   | Reached skill level 10 in Armour
 12304 | Lair:3   | Noticed Rupert
 12309 | Lair:3   | Reached skill level 1 in Spellcasting
 12333 | Lair:3   | HP: 1/138 [Rupert/+0 great mace of holy wrath (15)]
 12333 | Lair:3   | Mangled by Rupert

Illustrated notes

Levels and vault maps discovered:
D:1:      elethiomel_arrival_shortcut, layout_basic,
          shapermc_ecumenical_altar_ellora, minmay_worlds_worst_comb
D:2:      layout_rooms, basic_altar, hangedman_decor_slide_cut
D:3:      layout_loops_cross, serial_forest, infiniplex_forest_clump_small,
          infiniplex_forest_3_way, infiniplex_forest_clump_curved,
          infiniplex_forest_clump_curved, chequers_serial_rivers_large_b,
          minmay_gold_behind_fungi, minivault_4
D:4:      layout_rooms, lightli_minifort
D:5:      layout_basic, grunt_temple_overflow_holy_war,
          mainiacjoe_overflow_tiny_flanked, minmay_temple_entry_water_ring
D:6:      layout_rooms
D:7:      layout_loops_ring, mainiacjoe_overflow_catwalk, serial_aquarium,
          aquarium_bridge_square [aquarium_subvault_wall,
          aquarium_subvault_wall, aquarium_subvault_bridge,
          aquarium_subvault_bridge], aquarium_window_1, aquarium_window_1,
          aquarium_view_2d, aquarium_balcony_1b
D:8:      layout_cave_pods
D:9:      gammafunk_corrupted_shrine, layout_stronghold,
          due_lair_maze_entry_diamond
Lair:1:   layout_gridlike, infiniplex_staircase_pool, uniq_grum
Lair:2:   nzn_winding_woodlands_small [nzn_winding_woodlands_5x15_garden,
          nzn_winding_woodlands_center_lodge,
          nzn_winding_woodlands_5x15_pockets], layout_hall_layers,
          minmay_swamp_entry_swarm, hellmonk_spider_entry_not_the_bees,
          nicolae_lair_liquid_snakes, serial_bayou_shore_b, uniq_amaemon
Lair:3:   regret_index_tunnel_blossom, layout_chaotic_city,
          serial_bayou_shore_a, uniq_rupert, uniq_gastronok

Skill      XL: |  1  2  3  4  5  6  7  8  9 10 11 12 |
---------------+-------------------------------------+-----
Stealth        | 1 2 3 |  3.0
Fighting       | 4 6 8 |  8.0
Dodging        | 4 |  4.0
Armour         | 1 4 6 8 10 | 10.0
Polearms       | 2 4 |  4.0
Evocations     | 4 5 |  5.0
Axes           | 5 9 |  9.6
Shields        | 8 |  8.0
Spellcasting   | 2 |  2.2
Short Blades   | |  2.6
Throwing       | |  1.7

Action                   |  1- 3 |  4- 6 |  7- 9 | 10-12 || total
-------------------------+-------+-------+-------+-------++-------
Melee: Rapier            |    81 |   115 |     9 |       ||   205
       Headbutt          |    16 |    30 |    42 |    80 ||   168
       Punch             |       |     1 |     3 |       ||     4
       Spear             |       |       |   203 |       ||   203
       War axe           |       |       |    56 |   363 ||   419
Throw: Javelin           |     2 |     1 |     1 |       ||     4
       Throwing net      |       |     3 |     2 |     1 ||     6
       Dart              |       |       |       |     2 ||     2
Invok: Call Merchant     |       |       |     1 |       ||     1
Evoke: Wand              |       |       |     3 |     1 ||     4
  Use: Scroll            |     7 |       |     5 |     7 ||    19
       Potion            |       |       |     1 |    13 ||    14
 Stab: Sleeping          |     2 |       |    11 |     3 ||    16
       Distracted        |       |     1 |     1 |     4 ||     6
Armor: Leather armour    |    25 |    10 |       |       ||    35
       Ring mail         |       |    44 |   122 |   211 ||   377
       Skin              |       |       |       |    33 ||    33
Dodge: Dodged            |    42 |    70 |    82 |   129 ||   323
Block: Tower shield      |       |       |    90 |   486 ||   576

Table legend: (Time is in decaauts)
 A = Elapsed time spent in this place.
 B = Non-inter-level travel time spent in this place.
 C = Inter-level travel time spent in this place.
 D = Time resting spent in this place.
 E = Time spent auto-exploring this place.
 F = Levels seen in this place.
 G = Mean time per level.
                   A        B        C        D        E       F      G
               +--------+--------+--------+--------+--------+-----+--------+
         Total |  12568 |  12005 |    563 |   2633 |   7332 |  12 | 1047.3 |
       Dungeon |   8568 |   8083 |    485 |   1367 |   5391 |   9 |  952.0 |
          Lair |   4000 |   3922 |     78 |   1266 |   1940 |   3 | 1333.3 |
               +--------+--------+--------+--------+--------+-----+--------+

Top non-repeatable levels by time:
  Lair:2: 2165 daAuts
     D:3: 1737 daAuts
  Lair:1: 1209 daAuts
     D:5: 1205 daAuts
     D:9: 1142 daAuts
     D:7: 1064 daAuts
     D:1: 908 daAuts
     D:8: 759 daAuts
     D:4: 740 daAuts
  Lair:3: 625 daAuts
     D:6: 508 daAuts
     D:2: 503 daAuts
